 Dungeon Crawl Stone Soup version 0.28-a0-828-g0121872642 (webtiles) character file.

Game seed: 4460419951444899234

0 croobank the Ducker (level 1, -1/10 HPs)
             Began as a Felid Abyssal Knight on Nov 11, 2021.
             Was a Follower of Lugonu.
             Slain by an unseen horror (11 damage)
             ... on level 1 of the Abyss.
             The game lasted 00:02:24 (142 turns).

croobank the Ducker (Felid Abyssal Knight)           Turns: 142, Time: 00:02:25

Health: -1/10      AC:  1    Str:  9    XL:     1   Next: 0%
Magic:  3/3        EV: 18    Int: 11    God:    Lugonu [*.....]
Gold:   14         SH:  0    Dex: 16    Spells: 0/0 levels left
                                        Lives:  0   Deaths: 0

rFire   . . .      SeeInvis +     - Unarmed
rCold   . . .      Faith    .   (shield unavailable)
rNeg    . . .      Spirit   .   (armour unavailable)
rPois   .          Reflect  .   (helmet unavailable)
rElec   .          Harm     .   (cloak unavailable)
rCorr   .          Rampage  .   (gloves unavailable)
Will    .....                   (boots unavailable)
Stlth   +.........              (no amulet)
HPRegen 0.00/turn               (no ring)
MPRegen 0.08/turn               (no ring)

@: inhibited regen, quick
A: very small, claws 1, fangs 3, see invisible, speed 1, shaggy fur 1, stealthy
paws, no weapons or thrown items, no armour, multi-lived, inhibited regeneration
a: Renounce Religion, Depart the Abyss


You were on level 1 of the Abyss.
You worshipped Lugonu.
Lugonu was aware of your devotion.
You visited 0 branches of the dungeon, and saw 0 of its levels.
You visited the Abyss 1 time.

You collected 14 gold pieces.

Inventory:

Scrolls
 a - a scroll of identify {unknown}


   Skills:
 + Level 3.0 Fighting
 + Level 3.2 Dodging
 + Level 2.0 Unarmed Combat
 + Level 1.7 Invocations


You couldn't memorise any spells.
You didn't know any spells.
Your spell library was empty.

Dungeon Overview and Level Annotations

Branches:
Dungeon (0/15)

Altars:


Innate Abilities, Weirdness & Mutations

You have sharp claws.
You have razor-sharp teeth.
You have supernaturally acute eyesight. (SInv)
You cover ground quickly. (Speed+)
You are covered in fur. (AC +1)
Your paws help you pounce on unaware monsters.
You are incapable of wielding weapons or throwing items.
You cannot wear armour.
You gain extra lives every three experience levels.
You do not regenerate when monsters are visible.


Message History

Sorry, you can't auto-travel out of here.
Found a snail-covered altar of Cheibriados.
There is a snail-covered altar of Cheibriados here.
A small abomination comes into view.
Found 18 stones.
Found a scroll labelled WOVU FOINOKHLONN.
You see here a scroll labelled WOVU FOINOKHLONN.
a - a scroll labelled WOVU FOINOKHLONN A tentacled starspawn comes into view.
The ynoxinul bellows!
An iron imp comes into view.
Tentacles burst from the starspawn's body! 2 starspawn tentacles come into view.
Tentacles burst from the starspawn's body! 2 starspawn tentacles come into view.
Found a throwing net.
You see here a throwing net.
The ynoxinul gestures.
Found 8 poisoned darts.
A neqoxec comes into view.
A small abomination comes into view.
A large abomination comes into view.
Found a gateway leading deeper into the Abyss.
Unknown command.
Unknown command.
Found 21 stones.
A white imp comes into view.
The neqoxec gestures at you.
Something tries to feed on your intellect!
The white imp shouts!
An unseen horror comes into view.
The neqoxec gestures at you.
Strange energies course through your body.
Your regeneration stops near monsters.
There is a gateway leading deeper into the Abyss here.
Press: ? - help, v - describe, . - travel The floor.
The unseen horror hits you!
Ouch! That really hurt!
You die...

##.## #.
##...###.
##.....#. .......
..... #. ... ..
#.. ##.## #.#
....##.@x###...
....#.....#....
#........... .
##..>..#.... .
##.x.## ... ..
##3## #.# #.
##..5###...
.##..##.....# ..
.................


You could see an unseen horror (invisible), a neqoxec, a small abomination and a
white imp.

Vanquished Creatures (others)
  4 starspawn tentacles (Abyss:1)
4 creatures vanquished.

Notes
Turn   | Place    | Note
-------+----------+-------------------------------------------
     0 | Abyss:1  | croobank the Felid Abyssal Knight began the quest for the
                  | Orb.
     0 | Abyss:1  | Reached XP level 1. HP: 10/10 MP: 3/3
    26 | Abyss:1  | Found a snail-covered altar of Cheibriados.
    71 | Abyss:1  | Noticed a small abomination
    87 | Abyss:1  | Noticed a tentacled starspawn
    92 | Abyss:1  | Noticed a ynoxinul
    94 | Abyss:1  | Noticed an iron imp
   126 | Abyss:1  | Noticed a neqoxec
   128 | Abyss:1  | Noticed a small abomination
   131 | Abyss:1  | Noticed a large abomination
   139 | Abyss:1  | Noticed an unseen horror
   139 | Abyss:1  | Gained mutation: You do not regenerate when monsters are
                  | visible. [a neqoxec]
   142 | Abyss:1  | Slain by an unseen horror

Illustrated notes

Levels and vault maps discovered:
Abyss:1:  base: Temple, base:
Temple

Table legend: (Time is in decaauts)
 A = Elapsed time spent in this place.
 B = Non-inter-level travel time spent in this place.
 C = Inter-level travel time spent in this place.
 D = Time resting spent in this place.
 E = Time spent auto-exploring this place.
 F = Levels seen in this place.
 G = Mean time per level.
                   A        B        C        D        E       F      G
               +--------+--------+--------+--------+--------+-----+--------+
         Total |    114 |    114 |      0 |      0 |     35 |   1 |  114.0 |
         Abyss |    114 |    114 |      0 |      0 |     35 |   1 |  114.0 |
               +--------+--------+--------+--------+--------+-----+--------+

Top non-repeatable levels by time:
 Abyss:1: 114 daAuts
